[Event "Titled Tuesday Blitz August 16 Early 2022"]
[White "Zhurbinsky, David"]
[Black "Ardila, Oscar Humberto"]
[WhiteFideId "2072904"]
[BlackFideId "4404742"]
[WhiteElo "1996"]
[BlackElo "1939"]
[Result "0-1"]
[Round "05"]
[TimeControl "180+2"]
[Date "2022.08.18"]
[WhiteClock "0:00:00"]
[BlackClock "0:00:00"]

1. e4 e5 2. Nf3 Nf6 3. Nxe5 d6 4. Nf3 Nxe4 5. d4 Be7 6. Bd3 d5 7. O-O Nc6 8. c4 Nb4 9. cxd5 Qxd5 10. Re1 Nxd3 11. Qxd3 Bf5 12. Bf4 O-O 13. Nc3 Nxc3 14. Qxc3 Bd6 15. Bxd6 Qxd6 16. Re5 Bg6 17. Rae1 Rad8 18. h4 h6 19. h5 Bh7 20. a4 c6 21. b4 Kh8 22. Re7 Rd7 23. Rxd7 Qxd7 24. Qc5 Re8 25. Rxe8+ Qxe8 26. Qxa7 Qc8 27. Ne5 f6 28. Nf7+ Kg8 29. Nd6 Qd8 30. Qc5 Qe7 31. Nf5 Qe1+ 32. Kh2 Qxf2 33. Qc4+ Kh8 34. Ng3 Qf4 35. Qc5 Qh4+ 36. Kg1 Qxg3 37. Qf8+ Bg8 38. Qd8 Qd3 39. Kh2 Qf5 40. Qc7 Qxh5+ 41. Kg3 Qg5+ 42. Kh2 Qh4+ 43. Kg1 Qxd4+ 44. Kh1 Qxb4 45. a5 Kh7 46. Kh2 Bd5 47. Qg3 g5 48. Qd3+ Kg7 49. Qf5 Qf4+ 50. Qxf4 gxf4 51. Kh3 Kg6 52. Kg4 h5+ 53. Kxf4 Bxg2 54. Kg3 Be4 55. Kf4 f5 56. Kg3 Kg5 57. Kh3 f4 58. Kh2 Kg4 59. Kg1 Kg3 60. Kf1 h4 61. a6 bxa6 62. Kg1 h3 63. Kf1 h2 64. Ke2 h1=Q 65. Kd2 Qg2+ 66. Kc3 Qc2+ 67. Kd4 Qd3+ 68. Ke5 Qd5+ 69. Kf6 c5 70. Ke7 c4 71. Kf6 c3 72. Ke7 c2 73. Kf6 c1=Q 74. Kg7 a5 75. Kf6 a4 76. Kg7 a3 77. Kf6 a2 78. Ke7 a1=Q 79. Ke8 Qc8+ 80. Ke7 Qa7+ 81. Kf6 Qaf7# 0-1


[Site "https://www.chess.com"]

[Event "Titled Tuesday Blitz August 16 Early 2022"]
[White "Zia, Tahsin Tajwar"]
[Black "Karaev, Seit-Amet"]
[WhiteFideId "10211888"]
[BlackFideId "4169549"]
[WhiteElo "1800"]
[BlackElo "2272"]
[Result "0-1"]
[Round "05"]
[TimeControl "180+2"]
[Date "2022.08.18"]
[WhiteClock "0:00:00"]
[BlackClock "0:00:00"]

1. d4 Nf6 2. Nc3 c5 3. d5 d6 4. e4 a6 5. a4 g6 6. h3 Bg7 7. Nf3 O-O 8. Be2 e5 9. O-O a5 10. Nd2 h6 11. Nc4 Na6 12. Nb5 Ne8 13. Bd2 b6 14. Qc1 Kh7 15. f4 exf4 16. Bxf4 f5 17. Ncxd6 g5 18. Bh2 f4 19. Nxe8 Qxe8 20. Bd3 Be5 21. c3 Kg7 22. Be2 Bd7 23. Qd1 Rd8 24. Na3 Nc7 25. Nc4 Rb8 26. Bh5 Qe7 27. d6 Bxd6 28. Qxd6 Qxd6 29. Nxd6 Rbd8 30. Rfd1 Be6 31. Bf3 Bb3 32. Rd2 Kf6 33. e5+ Kxe5 34. Re1+ Kf6 35. g3 Ne6 36. Bg4 fxg3 37. Bxg3 Nf4 38. Bxf4 gxf4 39. Kf2 Kg5 40. Re5+ Kg6 41. Kf3 Rf6 42. Bh5+ Kh7 43. Re7+ Kg8 44. Rg2+ Kf8 45. Re8+ Rxe8 46. Nxe8 Bd5+ 47. Kf2 Rf5 48. Bg4 Re5 49. Bf3 Kxe8 50. Bxd5 Rxd5 51. Kf3 Rd3+ 52. Kxf4 Rxh3 53. Rg6 Kd7 54. Rxb6 Rh4+ 55. Kg3 Rxa4 56. Rb5 Kc6 57. Rb8 Re4 58. Ra8 Kb5 59. Rb8+ Kc4 60. Kf3 Re6 61. Rb7 a4 62. Kg4 Ra6 63. Kh5 a3 64. bxa3 Rxa3 65. Kxh6 Rxc3 66. Kg5 Re3 67. Kf4 Re1 68. Kf3 Kc3 69. Kf2 Re6 70. Rc7 c4 71. Rc6 Rxc6 0-1


[Site "https://www.chess.com"]

[Event "Titled Tuesday Blitz August 16 Early 2022"]
[White "Ziatdinov, Raset"]
[Black "Proudian, Armen"]
[WhiteFideId "2015323"]
[BlackFideId "2130734"]
[WhiteElo "2220"]
[BlackElo "2380"]
[Result "1-0"]
[Round "05"]
[TimeControl "180+2"]
[Date "2022.08.18"]
[WhiteClock "0:00:00"]
[BlackClock "0:00:00"]

1. e4 e5 2. Nf3 Nc6 3. Bb5 a6 4. Ba4 Nge7 5. c3 g6 6. d4 exd4 7. cxd4 Bg7 8. Nc3 b5 9. Bb3 O-O 10. O-O d6 11. Bg5 h6 12. Bh4 g5 13. Bg3 g4 14. d5 gxf3 15. dxc6 fxg2 16. Kxg2 Nxc6 17. f4 Nd4 18. Bd5 c6 19. e5 Qb6 20. Be4 Bf5 21. Qh5 Bg6 22. Bxg6 fxg6 23. Qxg6 Nf5 24. Ne4 Ne3+ 25. Kh1 Qd4 26. Bf2 d5 27. Nf6+ Rxf6 28. exf6 Ra7 29. Qe8+ Bf8 30. Rg1+ Kh8 31. Qxf8+ 1-0


[Site "https://www.chess.com"]

[Event "Titled Tuesday Blitz August 16 Early 2022"]
[White "Acosta Cruz, Oscar Yosimar"]
[Black "Lakshmi C"]
[WhiteFideId "5111269"]
[BlackFideId "25035347"]
[WhiteElo "2098"]
[BlackElo "1959"]
[Result "1-0"]
[Round "06"]
[TimeControl "180+2"]
[Date "2022.08.18"]
[WhiteClock "0:00:00"]
[BlackClock "0:00:00"]

1. e4 c5 2. Nf3 Nc6 3. d4 c4 4. Bxc4 e6 5. O-O d6 6. Re1 Be7 7. c3 a6 8. Nbd2 Nf6 9. Nf1 O-O 10. Ng3 b5 11. Bb3 Na5 12. Bc2 Re8 13. a4 Bb7 14. axb5 axb5 15. Bd3 Bc6 16. Qe2 Qb6 17. Be3 Qb7 18. Nd2 d5 19. e5 Nd7 20. f4 Nf8 21. f5 exf5 22. Nxf5 Nc4 23. Rxa8 Rxa8 24. Nb3 Nxe3 25. Qxe3 Ne6 26. Nxe7+ Qxe7 27. Nc5 1-0


[Site "https://www.chess.com"]

[Event "Titled Tuesday Blitz August 16 Early 2022"]
[White "Adewumi, Tanitoluwa"]
[Black "Petrova, Irina"]
[WhiteFideId "30966396"]
[BlackFideId "14124122"]
[WhiteElo "2302"]
[BlackElo "2021"]
[Result "1-0"]
[Round "06"]
[TimeControl "180+2"]
[Date "2022.08.18"]
[WhiteClock "0:00:00"]
[BlackClock "0:00:00"]

1. e4 d6 2. d4 Nf6 3. Nc3 e5 4. Nf3 Nbd7 5. Bc4 Be7 6. O-O O-O 7. Re1 c6 8. a4 exd4 9. Nxd4 d5 10. exd5 Nb6 11. Qe2 Re8 12. Bg5 Bg4 13. Qd3 Nxc4 14. Qxc4 Nxd5 15. Bxe7 Nxe7 16. Nxc6 Nxc6 17. Qxg4 Qd2 18. Re2 Rxe2 19. Qxe2 Qxe2 20. Nxe2 Rd8 21. Kf1 Rd2 22. Rc1 Nb4 23. Ke1 Rxc2 24. Rxc2 Nxc2+ 25. Kd2 Nb4 26. Kc3 Nd5+ 27. Kd4 Nf6 28. Kc5 Ne4+ 29. Kd5 Nxf2 30. Kd6 Nd3 31. b3 b6 32. Kc6 f5 33. Kb7 Nc5+ 34. Kxa7 Nxb3 35. Kxb6 Kf7 36. Nc1 Nd2 37. a5 Nc4+ 38. Kb5 Nd6+ 39. Kc6 Ke6 40. a6 Nc8 41. Nd3 g5 42. Kc7 Na7 43. Kb7 Nb5 44. Kb6 Nd6 45. g3 Kd5 46. Nb4+ Kc4 47. Kc6 Nc8 48. Kc7 Na7 49. Kb7 Nb5 50. Nc6 f4 51. Kb6 f3 52. Ne5+ Kd5 53. Nxf3 Nd6 54. Nxg5 Ke5 55. Nf7+ Nxf7 56. a7 1-0


[Site "https://www.chess.com"]

[Event "Titled Tuesday Blitz August 16 Early 2022"]
[White "Ajay, Karthikeyan"]
[Black "Boros, Denes"]
[WhiteFideId "35011685"]
[BlackFideId "722340"]
[WhiteElo "2168"]
[BlackElo "2464"]
[Result "1-0"]
[Round "06"]
[TimeControl "180+1"]
[Date "2022.08.16"]
[WhiteClock "0:00:11"]
[BlackClock "0:00:12"]

1. e4 e6 2. d4 Nf6 3. e5 Ng8 4. Nf3 d6 5. c3 dxe5 6. Nxe5 Nd7 7. Bf4 Ngf6 8. Bd3 c5 9. dxc5 Bxc5 10. O-O Nxe5 11. Bxe5 Bd6 12. Bb5+ Ke7 13. Qe2 Bxe5 14. Qxe5 Qd6 15. Qg5 a6 16. Be2 h6 17. Qe3 Nd5 18. Qd4 Nf4 19. Qxd6+ Kxd6 20. Bf3 Bd7 21. Nd2 Kc7 22. g3 Nd3 23. Rab1 g5 24. Be2 Ne5 25. f4 gxf4 26. Rxf4 f5 27. Nc4 Ng6 28. Rd4 Bc6 29. Bh5 Ne7 30. Ne5 Rhd8 31. Rbd1 Rxd4 32. Rxd4 Nd5 33. c4 Nf6 34. Bf7 Be4 35. b4 a5 36. b5 Kb6 37. Rd6+ Kc5 38. Rxe6 Ng8 39. Nd7+ Kb4 40. c5 a4 41. c6 bxc6 42. bxc6 Rc8 43. Nb6 Rxc6 44. Rxc6 Bxc6 45. Bxg8 a3 46. Kf2 Kc5 47. Nc4 Kd4 48. Nxa3 Ke4 49. Nc4 f4 50. gxf4 Kxf4 51. Ne3 Kg5 52. Bd5 Ba4 53. Bb3 Bb5 54. a4 Bc4 55. Bxc4 1-0


[Site "https://www.chess.com"]

[Event "Titled Tuesday Blitz August 16 Early 2022"]
[White "Aldokhin, Ivan"]
[Black "Begunov, Konstantin"]
[WhiteFideId "24115720"]
[BlackFideId "4118510"]
[WhiteElo "2413"]
[BlackElo "2325"]
[Result "1-0"]
[Round "06"]
[TimeControl "180+2"]
[Date "2022.08.18"]
[WhiteClock "0:00:00"]
[BlackClock "0:00:00"]

1. e4 c5 2. Nf3 d6 3. d4 cxd4 4. Nxd4 Nf6 5. Nc3 a6 6. Bc4 e6 7. Bb3 Nbd7 8. O-O Nc5 9. f4 Qc7 10. f5 Be7 11. fxe6 fxe6 12. Bg5 O-O 13. Nf5 Nxb3 14. Nxe7+ Qxe7 15. axb3 Bd7 16. Qd4 Bc6 17. e5 dxe5 18. Qxe5 Rae8 19. Rae1 b5 20. h3 Rf7 21. Ne2 Qb4 22. Nd4 Bd5 23. c3 Qxb3 24. Nxb3 1-0


[Site "https://www.chess.com"]

[Event "Titled Tuesday Blitz August 16 Early 2022"]
[White "Alexikov, Alexander"]
[Black "Sultana, Sharmin Shirin"]
[WhiteFideId "14103958"]
[BlackFideId "10204482"]
[WhiteElo "2223"]
[BlackElo "1980"]
[Result "0-1"]
[Round "06"]
[TimeControl "180+2"]
[Date "2022.08.18"]
[WhiteClock "0:00:00"]
[BlackClock "0:00:00"]

1. e4 e5 2. Nf3 Nf6 3. d4 Nxe4 4. Bd3 d5 5. Nxe5 Nd7 6. Nxd7 Bxd7 7. O-O Be7 8. c4 c6 9. Nc3 Bf5 10. cxd5 cxd5 11. Qa4+ Bd7 12. Qb3 Nxc3 13. bxc3 Bc6 14. Re1 O-O 15. Bf4 Bd6 16. Bg3 Rc8 17. Re3 Bxg3 18. hxg3 Re8 19. Rae1 Rxe3 20. Rxe3 a6 21. Qb4 Qf6 22. Qc5 g6 23. f3 Qg5 24. Kf2 Re8 25. Rxe8+ Bxe8 26. f4 Qd8 27. Be2 Bc6 28. Bf3 Qd7 29. a4 Kg7 30. a5 h6 31. c4 dxc4 32. d5 Bb5 33. d6 Kh7 34. g4 Kg7 35. Kg3 Kh7 36. g5 h5 37. f5 c3 38. fxg6+ fxg6 39. Kf2 c2 40. Qxc2 Qxd6 41. Bxh5 Qd4+ 0-1


[Site "https://www.chess.com"]

[Event "Titled Tuesday Blitz August 16 Early 2022"]
[White "Aradhya, Garg"]
[Black "Paravyan, David"]
[WhiteFideId "25006746"]
[BlackFideId "4194985"]
[WhiteElo "2203"]
[BlackElo "2569"]
[Result "1-0"]
[Round "06"]
[TimeControl "180+1"]
[Date "2022.08.16"]
[WhiteClock "0:00:17"]
[BlackClock "0:00:02"]

1. d4 Nf6 2. c4 g6 3. g3 Bg7 4. Bg2 O-O 5. Nc3 Nc6 6. Bf4 d6 7. Nf3 Qe8 8. Nd5 Nxd5 9. cxd5 e5 10. dxe5 dxe5 11. Be3 Ne7 12. O-O c6 13. d6 Nd5 14. Bc5 e4 15. Ng5 f5 16. d7 Bxd7 17. Bxf8 Qxf8 18. Qb3 Qb4 19. Qxb4 Nxb4 20. Rfd1 Nd5 21. Rab1 Re8 22. Nh3 Be6 23. Nf4 Nxf4 24. gxf4 Bxa2 25. Ra1 Bc4 26. Rxa7 Ba6 27. e3 c5 28. b3 Re6 29. Bf1 Bxf1 30. Rd8+ Bf8 31. Kxf1 Kf7 32. Rxb7+ Be7 33. Rd5 Kf6 34. Rdd7 h6 35. h4 h5 36. Ke2 Kf7 37. Rdc7 Ke8 38. Rc8+ Bd8 39. Rxc5 Bxh4 40. Re5 Rxe5 41. fxe5 Be7 42. b4 h4 43. b5 h3 44. Kf1 Bc5 45. Rh7 f4 46. exf4 1-0


[Site "https://www.chess.com"]

[Event "Titled Tuesday Blitz August 16 Early 2022"]
[White "Ardila, Oscar Humberto"]
[Black "Tanenbaum, Zachary"]
[WhiteFideId "4404742"]
[BlackFideId "2060850"]
[WhiteElo "2019"]
[BlackElo "2142"]
[Result "0-1"]
[Round "06"]
[TimeControl "180+2"]
[Date "2022.08.18"]
[WhiteClock "0:00:00"]
[BlackClock "0:00:00"]

1. d4 d5 2. c4 Bf5 3. e3 e6 4. Nc3 c6 5. Bd2 Nf6 6. Nf3 Bd6 7. b3 Ba3 8. Bc1 Bb4 9. Bd2 Ba3 10. Bc1 Bd6 11. Be2 O-O 12. O-O Nbd7 13. Bb2 Ne4 14. Nxe4 dxe4 15. Ne5 Nxe5 16. dxe5 Bc7 17. Qxd8 Rfxd8 18. Rfd1 Kf8 19. Kf1 Ke8 20. Ke1 Ba5+ 21. Kf1 Rxd1+ 22. Rxd1 Rd8 23. Rxd8+ Kxd8 24. c5 Bb4 25. Bd4 Kc7 26. Bd1 Kd7 27. h3 Ke7 28. Bc2 f6 29. exf6+ gxf6 30. g4 Bg6 31. h4 e5 32. Bb2 h6 33. f3 Bxc5 34. fxe4 Bxe3 35. Ke2 Bd4 36. Ba3+ Ke6 37. Bc1 h5 38. g5 f5 39. Kf3 f4 40. Bd2 c5 41. Bd3 Be8 42. Bc4+ Ke7 43. Bd5 b5 44. Ba5 Bd7 45. Bc7 Bg4+ 46. Kg2 f3+ 47. Kg3 f2 48. Kg2 Bh3+ 49. Kxh3 f1=Q+ 0-1


[Site "https://www.chess.com"]

[Event "Titled Tuesday Blitz August 16 Early 2022"]
[White "Atanasov, Anthony"]
[Black "Hansen, Eric"]
[WhiteFideId "2623897"]
[BlackFideId "2606771"]
[WhiteElo "1928"]
[BlackElo "2568"]
[Result "0-1"]
[Round "06"]
[TimeControl "180+1"]
[Date "2022.08.16"]
[WhiteClock "0:00:01"]
[BlackClock "0:00:50"]

1. d4 Nf6 2. Nf3 g6 3. c4 Bg7 4. Nc3 d5 5. Qb3 dxc4 6. Qxc4 O-O 7. e4 Bg4 8. e5 Nfd7 9. Be2 Nc6 10. Be3 Nb6 11. Qc5 a5 12. h3 Bxf3 13. Bxf3 Nb4 14. O-O c6 15. Bg5 Re8 16. Rad1 h6 17. Bc1 e6 18. Ne4 Nxa2 19. Nd6 Re7 20. Bd2 Nb4 21. Bxb4 axb4 22. Qxb4 Rd7 23. Qc3 Bf8 24. Ne4 Be7 25. Qe3 Kg7 26. Nc3 Nd5 27. Nxd5 cxd5 28. Ra1 Rxa1 29. Rxa1 Qb6 30. b3 Rc7 31. Qd3 Qb4 32. Be2 Rc3 33. Qb5 Qxd4 34. Qxb7 Bc5 35. Rf1 Qxe5 36. Qb5 Bd4 37. Bf3 Rc2 38. Qd3 Rxf2 39. Rxf2 Qe1+ 40. Kh2 Qxf2 41. Qd1 Qb2 42. h4 h5 43. Kh3 Be5 44. Qd3 Qf2 0-1


[Site "https://www.chess.com"]

[Event "Titled Tuesday Blitz August 16 Early 2022"]
[White "Bachmann, Axel"]
[Black "Xu, Yi"]
[WhiteFideId "3700488"]
[BlackFideId "8605564"]
[WhiteElo "2595"]
[BlackElo "2471"]
[Result "0-1"]
[Round "06"]
[TimeControl "180+1"]
[Date "2022.08.16"]
[WhiteClock "0:00:01"]
[BlackClock "0:00:11"]

1. d4 Nf6 2. c4 e6 3. Nf3 d5 4. Bg5 Bb4+ 5. Nbd2 dxc4 6. e3 b5 7. a3 Be7 8. a4 c6 9. axb5 cxb5 10. b3 a5 11. bxc4 b4 12. Bd3 O-O 13. O-O Bb7 14. Qb1 h6 15. Bh4 Nbd7 16. Rc1 Bc6 17. h3 Nh5 18. Bxe7 Qxe7 19. c5 Rfb8 20. Bh7+ Kh8 21. Be4 Bxe4 22. Nxe4 Nhf6 23. Nd6 Nd5 24. Qb3 Kg8 25. Nd2 N7b6 26. e4 a4 27. Qg3 Nc3 28. Rxc3 bxc3 29. Qxc3 Nc8 30. e5 Qc7 31. Qf3 Nxd6 32. exd6 Qa5 33. Nc4 Qb4 34. Ne5 Qxd4 35. Qxf7+ Kh8 36. Re1 a3 37. Qxe6 a2 38. Ng6+ Kh7 39. Qf5 Qf6 40. Nf8+ Kg8 0-1


[Site "https://www.chess.com"]

[Event "Titled Tuesday Blitz August 16 Early 2022"]
[White "Balabayeva, Xeniya"]
[Black "Jaferian, Koosha"]
[WhiteFideId "13719688"]
[BlackFideId "12507440"]
[WhiteElo "2203"]
[BlackElo "2236"]
[Result "0-1"]
[Round "06"]
[TimeControl "180+2"]
[Date "2022.08.18"]
[WhiteClock "0:00:00"]
[BlackClock "0:00:00"]

1. e4 c6 2. d4 d5 3. Nd2 dxe4 4. Nxe4 Bf5 5. Ng3 Bg6 6. h4 h6 7. Nf3 Nd7 8. h5 Bh7 9. Bd3 Bxd3 10. Qxd3 e6 11. Bd2 Ngf6 12. O-O-O Be7 13. Kb1 O-O 14. Ne4 c5 15. g4 Nxg4 16. Rdg1 f5 17. Qc4 Qb6 18. dxc5 Nxc5 19. Nxc5 Bxc5 20. Nh4 Rac8 21. Ng6 Rfe8 22. Rxg4 fxg4 23. Qxg4 Bd4 24. Bc1 Qc6 25. Qd1 Rcd8 26. Rg1 Bxf2 27. Ne7+ Rxe7 28. Qxd8+ Re8 29. Qd1 Bxg1 30. Qxg1 e5 31. Be3 Rf8 32. b3 a5 33. a4 Qf3 34. Kb2 Qxh5 0-1


[Site "https://www.chess.com"]

[Event "Titled Tuesday Blitz August 16 Early 2022"]
[White "Barria Zuniga, Daniel"]
[Black "Lauridsen, Jesper Morch"]
[WhiteFideId "3400816"]
[BlackFideId "1401890"]
[WhiteElo "2341"]
[BlackElo "2221"]
[Result "0-1"]
[Round "06"]
[TimeControl "180+2"]
[Date "2022.08.18"]
[WhiteClock "0:00:00"]
[BlackClock "0:00:00"]

1. d4 d5 2. c4 e6 3. Nf3 c5 4. g3 Nc6 5. Bg2 Nf6 6. O-O cxd4 7. Nxd4 Bc5 8. Nb3 Bb6 9. Nc3 dxc4 10. Qxd8+ Bxd8 11. Nd2 Na5 12. Nb5 Ke7 13. b3 a6 14. Ba3+ Kd7 15. Nd6 c3 16. Nxf7 cxd2 17. Nxh8 Ke8 18. Rfd1 Bd7 19. Rxd2 Bc6 20. Bb4 Bxg2 21. Rxd8+ Rxd8 22. Bxa5 Rd5 23. Kxg2 Rxa5 24. Rc1 Rxa2 25. Rc8+ Kd7 26. Rb8 Kc7 27. Rf8 Rxe2 28. Rf7+ Kb6 29. Rxg7 Nd5 30. Rxh7 Rb2 31. h4 Rxb3 32. Rh6 Nc7 33. Ng6 a5 34. Ne5 a4 35. g4 a3 36. Nc4+ Kc5 37. Nxa3 Rxa3 38. g5 Nd5 39. f3 b5 40. Kg3 b4 41. Rxe6 b3 42. Re1 b2 43. Rb1 Rb3 44. h5 Kd6 45. Kg4 Nc3 46. Rxb2 Rxb2 47. f4 Ke7 48. h6 Kf7 49. f5 Rb4+ 50. Kh5 Ne4 51. Kg4 Nd6+ 0-1


[Site "https://www.chess.com"]

[Event "Titled Tuesday Blitz August 16 Early 2022"]
[White "Barrientos, Sergio E"]
[Black "Acor, Corey"]
[WhiteFideId "4401824"]
[BlackFideId "2024861"]
[WhiteElo "2397"]
[BlackElo "2340"]
[Result "1-0"]
[Round "06"]
[TimeControl "180+1"]
[Date "2022.08.16"]
[WhiteClock "0:01:24"]
[BlackClock "0:00:03"]

1. d4 Nf6 2. c4 e5 3. dxe5 Ng4 4. e3 Nxe5 5. Nh3 Ng6 6. Nc3 d6 7. Nf4 Nxf4 8. exf4 Nc6 9. g3 g6 10. Bg2 Bg7 11. O-O O-O 12. Qd2 Re8 13. b3 Nd4 14. Bb2 Bh3 15. Rfe1 Bxg2 16. Kxg2 c6 17. Ne4 Nf5 18. Bxg7 Kxg7 19. Qc3+ f6 20. Rad1 d5 21. cxd5 cxd5 22. Nc5 Qb6 23. Rxe8 Rxe8 24. Rxd5 Qc6 25. Qf3 Re7 26. Nd3 Qc2 27. Kh3 h5 28. Rd8 Nh6 29. Qd5 Qb1 30. Kg2 Nf7 31. Rd7 Rxd7 32. Qxd7 b6 33. b4 Qxa2 34. b5 a5 35. bxa6 Qxa6 36. Nb4 Qc4 37. Nc6 b5 38. Nd8 Qe4+ 39. Kf1 Qb1+ 40. Ke2 Qe4+ 41. Kd2 Qb4+ 42. Kd1 Qb3+ 43. Ke1 Qb1+ 44. Kd2 Qb2+ 45. Kd3 Qb3+ 46. Ke2 Qc4+ 47. Kf3 g5 48. h3 gxf4 49. gxf4 b4 50. Ne6+ Kg6 51. f5+ Kxf5 52. Nf4+ Ke5 53. Ng6# 1-0


[Site "https://www.chess.com"]

[Event "Titled Tuesday Blitz August 16 Early 2022"]
[White "Beerdsen, Thomas"]
[Black "Andreikin, Dmitry"]
[WhiteFideId "1030108"]
[BlackFideId "4158814"]
[WhiteElo "2567"]
[BlackElo "2736"]
[Result "0-1"]
[Round "06"]
[TimeControl "180+1"]
[Date "2022.08.16"]
[WhiteClock "0:00:06"]
[BlackClock "0:00:10"]

1. e4 c5 2. Nf3 e6 3. d4 cxd4 4. Bg5 Nf6 5. e5 h6 6. Bh4 g5 7. exf6 gxh4 8. Qxd4 Nc6 9. Qxh4 Qb6 10. Nbd2 Qxb2 11. Rb1 Qxc2 12. Bb5 Rg8 13. O-O Qg6 14. g3 Qg4 15. Rfd1 Qxh4 16. Nxh4 d5 17. Ba4 Rg4 18. Bc2 Rb4 19. Rbc1 Bd7 20. Nhf3 Nd4 21. Nxd4 Rxd4 22. Nf3 Rxd1+ 23. Rxd1 Rc8 24. Bh7 Bd6 25. h4 Rc3 26. Kg2 Bc6 27. Nd4 Be5 28. Nxc6 Rxc6 29. Rb1 b6 30. a4 Bxf6 31. a5 Bd4 32. g4 Ke7 33. axb6 Bxb6 34. f4 Rc4 35. Kf3 Bc7 36. Rb7 Kd8 37. Bg8 Rxf4+ 38. Ke3 Rxg4 39. Bxf7 Rxh4 40. Kd3 e5 41. Kc3 Ba5+ 42. Kb3 d4 43. Kc4 Bb6 44. Bg6 Rg4 45. Bf5 Rg5 46. Bh3 e4 47. Rh7 h5 48. Rh8+ Ke7 49. Rh7+ Kf6 50. Rh6+ Kg7 51. Rxb6 axb6 0-1


[Site "https://www.chess.com"]

[Event "Titled Tuesday Blitz August 16 Early 2022"]
[White "Belov, Vladimir"]
[Black "Oparin, Grigoriy"]
[WhiteFideId "4132394"]
[BlackFideId "24125890"]
[WhiteElo "2501"]
[BlackElo "2639"]
[Result "1-0"]
[Round "06"]
[TimeControl "180+1"]
[Date "2022.08.16"]
[WhiteClock "0:00:05"]
[BlackClock "0:00:10"]

1. e4 c5 2. Nf3 d6 3. c3 Nf6 4. Be2 Bd7 5. d3 Nc6 6. Nbd2 g6 7. O-O Bg7 8. Re1 O-O 9. Bf1 e5 10. Nc4 Be6 11. a4 h6 12. h3 Qc7 13. Bd2 Rad8 14. Qb3 Na5 15. Qc2 Nxe4 16. Rxe4 d5 17. Rh4 dxc4 18. Bxh6 Bxh6 19. Rxh6 Kg7 20. Rh4 Bf5 21. Qd2 Rh8 22. Rxh8 Rxh8 23. Re1 cxd3 24. Nxe5 c4 25. g4 Be6 26. Qf4 Qd8 27. Bg2 Qf6 28. Qg3 g5 29. Nf3 Nb3 30. Qc7 Bd5 31. Re5 Bxf3 32. Rf5 Qg6 33. Bxf3 d2 34. Qe5+ Kh7 35. Rxg5 Re8 36. Rh5+ Qxh5 37. Qxh5+ Kg8 38. Qg5+ Kf8 39. Qh6+ Kg8 40. g5 Re6 41. Qh4 Nc1 42. Qxc4 Rd6 43. Bd1 Nd3 44. Qc8+ Kg7 45. Qxb7 Re6 46. Kh2 Nxf2 47. Bf3 Re3 48. Qd5 Rd3 49. Qc6 Kg8 50. Qf6 Ne4 51. Bxe4 d1=Q 52. Bxd3 Qxd3 53. Qf2 Qd5 54. h4 Qc4 55. Qd4 Qe2+ 56. Kg3 Qxb2 57. Qd8+ Kg7 58. Qf6+ Kg8 59. g6 Qb8+ 60. Kh3 Qc8+ 61. Kg3 fxg6 62. Qxg6+ Kh8 63. Qf6+ Kg8 64. Qg5+ Kh8 65. Qh5+ Kg8 66. Qg4+ 1-0


[Site "https://www.chess.com"]

[Event "Titled Tuesday Blitz August 16 Early 2022"]
[White "Bharath Subramaniyam H"]
[Black "Skawinski, Arkadiusz"]
[WhiteFideId "46634827"]
[BlackFideId "1126415"]
[WhiteElo "2346"]
[BlackElo "2149"]
[Result "1-0"]
[Round "06"]
[TimeControl "180+1"]
[Date "2022.08.16"]
[WhiteClock "0:00:12"]
[BlackClock "0:00:13"]

1. c4 e6 2. Nf3 d5 3. e3 Nf6 4. Nc3 c5 5. d4 cxd4 6. exd4 Nc6 7. c5 Be7 8. Bb5 O-O 9. Bf4 Ne4 10. O-O Bd7 11. Rc1 Bf6 12. Bxc6 Bxc6 13. Ne5 Be8 14. Qb3 g5 15. Nxe4 dxe4 16. Be3 Qd5 17. Nc4 h6 18. Rfd1 Bc6 19. Qa3 Rfd8 20. b4 e5 21. Nd6 Rxd6 22. cxd6 exd4 23. Qb2 Ba4 24. Bxd4 Bxd1 25. Bxf6 Kh7 26. Qe5 Qxe5 27. Bxe5 Bg4 28. Rc7 Rc8 29. Rxf7+ Kg6 30. Rc7 Rxc7 31. dxc7 Bc8 32. Kf1 Kf5 33. Bg7 h5 34. Ke2 g4 35. Ke3 h4 36. Bd4 b6 37. a4 Bb7 38. a5 bxa5 39. b5 a4 40. Bxa7 a3 41. Bd4 a2 42. b6 g3 43. fxg3 hxg3 44. h3 Kg5 45. Kd2 Kf4 46. Be3+ Kf5 47. Bd4 Ke6 48. Ke3 Kf5 49. Ba1 Bc8 50. Bc3 Bb7 51. Bd4 Bc8 52. Kd2 Bb7 53. Kc2 Kf4 54. Kb2 e3 55. Kxa2 e2 56. Bc3 Ke3 57. Be1 Kd3 58. h4 Kc2 59. h5 Kd1 60. Bxg3 1-0


[Site "https://www.chess.com"]

[Event "Titled Tuesday Blitz August 16 Early 2022"]
[White "Bintang, Rasyid A. Hidayat"]
[Black "Karimov, Alisher"]
[WhiteFideId "7105355"]
[BlackFideId "14700280"]
[WhiteElo "1820"]
[BlackElo "2186"]
[Result "1-0"]
[Round "06"]
[TimeControl "180+2"]
[Date "2022.08.18"]
[WhiteClock "0:00:00"]
[BlackClock "0:00:00"]

1. d4 Nf6 2. Bf4 g6 3. Nc3 Bg7 4. e4 d6 5. Qd2 O-O 6. O-O-O a6 7. f3 b5 8. Bh6 b4 9. Nb1 a5 10. h4 a4 11. h5 b3 12. cxb3 axb3 13. a3 Nxh5 14. Rxh5 Bxh6 15. Rxh6 Ba6 16. Bxa6 Nxa6 17. Nh3 f6 18. Rh1 Rf7 19. Nf4 e5 20. Nxg6 c5 21. dxe5 dxe5 22. Qxd8+ Rxd8 23. Nxe5 Rg7 24. Ng4 Kf8 25. Rxf6+ Ke8 26. Rxa6 Rgd7 27. Re6+ Kf8 28. Ne5 Rd4 29. Nc3 Rd2 30. Rf6+ Kg8 31. Nd5 Rc2+ 32. Kb1 c4 33. Rf7 Re8 34. Rf6 c3 35. Nxc3 Rd8 36. Rd1 Rc8 37. Rfd6 Rxg2 38. Rd8+ Rxd8 39. Rxd8+ Kg7 40. Rd1 Kf6 41. Ng4+ Kg5 42. Nd5 h5 43. Nge3 Re2 44. Rg1+ Kh6 45. Nf5+ Kh7 46. Nf6+ Kh8 47. Rg8# 1-0


[Site "https://www.chess.com"]

[Event "Titled Tuesday Blitz August 16 Early 2022"]
[White "Blanco Ronquillo, Humberto L."]
[Black "Martinez, Shawn"]
[WhiteFideId "3504239"]
[BlackFideId "2039770"]
[WhiteElo "2425"]
[BlackElo "2174"]
[Result "1-0"]
[Round "06"]
[TimeControl "180+2"]
[Date "2022.08.18"]
[WhiteClock "0:00:00"]
[BlackClock "0:00:00"]

1. d4 g6 2. e4 Bg7 3. h3 a6 4. Nf3 h6 5. Bd3 d6 6. O-O Nd7 7. Re1 e6 8. Nbd2 Ne7 9. Nf1 O-O 10. Ng3 b6 11. c3 Bb7 12. Be3 f5 13. Qc1 Kh7 14. h4 Nf6 15. Bd2 Qd7 16. h5 fxe4 17. hxg6+ Nxg6 18. Nxe4 Nxe4 19. Bxe4 Bxe4 20. Rxe4 Rf5 21. Qc2 Raf8 22. Rae1 e5 23. dxe5 dxe5 24. Rg4 Qf7 25. Qe4 Kh8 26. Re2 Nf4 27. Bxf4 exf4 28. a3 Qf6 29. Nd4 Rh5 30. Ne6 Rf7 31. Rxf4 Rf5 32. Rxf5 Qxf5 33. Qxf5 Rxf5 34. Nxg7 Kxg7 35. Re7+ Rf7 36. Rxf7+ Kxf7 37. Kf1 Ke6 38. Ke2 Kd5 39. Kd3 c5 40. c4+ Ke5 41. Ke3 Kf5 42. f3 h5 43. g3 Ke5 44. f4+ Kf5 45. Kf3 b5 46. b3 a5 47. cxb5 a4 48. bxa4 c4 49. b6 c3 50. Ke3 c2 51. Kd2 Kg4 52. b7 Kxg3 53. b8=Q h4 54. f5+ Kg2 55. f6 h3 56. f7 h2 57. Qxh2+ Kxh2 58. f8=Q Kg2 59. Qf4 c1=Q+ 60. Kxc1 Kh3 61. Qg5 1-0


[Site "https://www.chess.com"]

[Event "Titled Tuesday Blitz August 16 Early 2022"]
[White "Bolanos, Fernando"]
[Black "Omariev, Maksim"]
[WhiteFideId "3304094"]
[BlackFideId "4193423"]
[WhiteElo "2258"]
[BlackElo "2304"]
[Result "0-1"]
[Round "06"]
[TimeControl "180+2"]
[Date "2022.08.18"]
[WhiteClock "0:00:00"]
[BlackClock "0:00:00"]

1. e4 c5 2. Nf3 d6 3. d4 cxd4 4. Nxd4 Nf6 5. Nc3 a6 6. Be2 e6 7. g4 Be7 8. g5 Nfd7 9. Rg1 b5 10. Be3 Bb7 11. f3 Nc5 12. Qd2 b4 13. Nd1 a5 14. Nf2 Nbd7 15. h4 O-O 16. O-O-O Nb6 17. h5 d5 18. e5 Nc4 19. Bxc4 dxc4 20. Ng4 c3 21. Qh2 cxb2+ 22. Kb1 Bd5 23. g6 Na4 24. h6 fxg6 25. hxg7 Nc3+ 26. Kxb2 Nxd1+ 27. Rxd1 Kxg7 28. Nxe6+ Bxe6 29. Rxd8 Rfxd8 30. Qh6+ Kg8 31. Bg5 Bxg5 32. Qxg5 Bxg4 33. Qxg4 Rf8 34. f4 Rf5 35. Qe2 Raf8 36. e6 Re8 0-1


[Site "https://www.chess.com"]